Map: Incorporeal LE

Players

SubN

  • Race: Zerg Zerg
  • League: Diamond
  • Spawn Location: 5:00

ArkhamArchon - Winner!

  • Race: Protoss Protoss
  • League: Diamond
  • Spawn Location: 11:00

VOD

Have the link to the VOD?

Description

Time

  • Played on: Aug. 5, 2025, 3:11 p.m.
  • Length: 6:35
Show
View Real Time Build Order
Export as new Build Order

SubN Zerg 

Build Orders: Pool First 

Get SALT Encoding   

  12  0:19  Spawning Pool  
  12  0:21  Drone  
  12  0:26  Drone  
  13  0:30  Drone  
  14  0:39  Overlord  
  14  1:07  Zergling x6  
  19  1:19  Hatchery  
  19  1:24  Queen  
  18  1:29  Zergling x2  
  19  1:33  Zergling x2  
  19  1:39  Drone  
  21  1:51  Overlord  
  21  2:16  Drone x2  
  21  2:21  Queen  
  25  2:23  Drone  
  26  2:31  Drone  
  26  2:36  Drone  
  28  2:39  Queen  
  28  2:42  Extractor  
  28  2:44  Drone  
  30  2:45  Drone  
  30  2:49  Drone  
  32  2:55  Drone  
  33  2:59  Drone x3  
  36  3:12  Hatchery  
  35  3:16  Drone  
  35  3:18  Overlord  
  36  3:29  Overlord  
  36  3:33  Overlord  
  35  3:58  Drone x7  
  35  3:59  Drone x3  
  35  4:00  Metabolic Boost  
  45  4:06  Queen  
  47  4:16  Drone x5  
  52  4:22  Lair  
  52  4:25  Drone  
  52  4:26  Drone  
  54  4:35  Drone x5  
  59  4:38  Queen  
  59  4:45  Drone  
  62  4:49  Drone x3  
  62  4:51  Drone, Roach Warren  
  65  4:54  Overlord  
  65  4:55  Overlord  
  64  5:25  Drone x2  
  64  5:26  Drone x3  
  64  5:27  Extractor x2  
  64  5:28  Drone x3  
  68  5:33  Roach x3  
  75  5:37  Roach  
  75  5:46  Roach  
  75  5:48  Zergling x2  
  75  5:49  Zergling x10  
  72  6:01  Roach x3  
  61  6:09  Roach x3  
Show
View Real Time Build Order
Export as new Build Order

ArkhamArchon Protoss - Winner!

Build Orders:  

Get SALT Encoding   

  12  0:00  Probe  
  13  0:13  Probe  
  14  0:19  Pylon  
  14  0:25  Probe  
  15  0:34  Probe  
  15  0:42  Probe  
  17  0:51  Probe  
  18  1:02  Gateway  
  18  1:05  Forge  
  18  1:20  Assimilator  
  18  1:25  Probe  
  19  1:32  Gateway  
  19  1:38  Photon Cannon  
  19  1:40  Zealot  
  19  1:42  Probe  
  20  1:50  Pylon  
  22  1:54  Probe  
  23  2:10  Nexus  
  23  2:23  Assimilator  
  23  2:32  Cybernetics Core  
  23  2:36  Protoss Ground Weapons Level 1  
  23  2:40  Pylon  
  24  2:58  Probe  
  24  3:01  Gateway  
  24  3:04  Gateway  
  24  3:07  Zealot  
  24  3:10  Probe  
  24  3:11  Warp Gate  
  27  3:20  Probe x2  
  29  3:28  Probe  
  30  3:35  Twilight Council  
  30  3:47  Zealot x2  
  34  3:51  Charge  
  34  3:58  Shield Battery, Probe x2  
  36  4:11  Pylon  
  36  4:15  Probe  
  37  4:31  Zealot x2  
  41  4:39  Gateway  
  41  4:40  Gateway  
  41  4:51  Robotics Facility  
  41  5:03  Zealot x2  
  45  5:12  Pylon  
  45  5:16  Pylon  
  45  5:22  Zealot x2  
  45  5:25  Zealot x2  
  53  5:32  Warp Prism  
  53  5:37  Probe  
  56  5:49  Probe  
  57  6:01  Probe, Zealot x2  
  57  6:02  Zealot x3  
  66  6:14  Probe  
  61  6:21  Probe  
  61  6:24  Assimilator  
  61  6:25  Assimilator  
Tags
 
Matchup
PvZ
Opening
Pool First
Replay Pack
replays
Spawn Locations
Cross Positions
Add a new tag
Caveats
  • Supply blocks, unpowered buildings, or Contaminate may cause inaccurate times.
  • Supply counts are checked every 10 seconds.